 Dungeon Crawl Stone Soup version 0.31-a0-237-g2d982f9f85 (webtiles) character file.

Game seed: 11992621107043769491

103 qw the Shooter (level 4, -3/26 HPs)
             Began as a Gargoyle Hexslinger on July 11, 2023.
             Slain by Sigmund
             ... wielding a +0 scythe
              (7 damage)
             ... on level 3 of the Dungeon.
             The game lasted 00:00:44 (1596 turns).

qw the Shooter (Gargoyle Hexslinger)                Turns: 1596, Time: 00:00:45

Health: -3/26      AC: 12    Str: 18    XL:     4   Next: 79%
Magic:  5/5        EV: 11    Int: 13    God:
Gold:   107        SH:  0    Dex: 14    Spells: 4/5 levels left

rFire   . . .        Y - +1 sling
rCold   . . .        (no shield)
rNeg    + . .        d - +0 leather armour
rPois   inf          f - +0 helmet
rElec   +            (no cloak)
rCorr   .            (no gloves)
SInv    .            m - +0 pair of boots
Will    .....        (no amulet)
Stlth   +            h - +6 ring of strength
HPRegen 0.24/turn    k - +4 ring of protection
MPRegen 0.09/turn

%: no passive effects
@: confused
A: sickness immunity, AC +3, negative energy resistance 1, electricity
resistance, torment resistance 1, petrification resistance
a: no special abilities


You were on level 3 of the Dungeon.
You visited 1 branch of the dungeon, and saw 3 of its levels.

You collected 107 gold pieces.


Innate Abilities, Weirdness & Mutations

You are immune to sickness and miasma.
Your stone body is resilient. (AC +3)
You are immune to poison.
You resist negative energy. (rN+)
You are resistant to electric shocks. (rElec)
You are resistant to unholy torment.
You are immune to petrification.


   Skills:
 - Level 2.0 Fighting
 + Level 4.5 Ranged Weapons
 - Level 1.5 Dodging
 - Level 1.0 Spellcasting
 - Level 2.6 Hexes


You had 4 spell levels left.
You knew the following spells:

 Your Spells              Type           Power      Damage    Failure   Level
a - Slow                  Hex            28%        N/A       11%         1

Your spell library contained the following spells:

 Spells                   Type           Power      Damage    Failure   Level
 Inner Flame              Hex/Fire       4%         N/A       50%         3
 Portal Projectile        Hex/Tloc       8%         N/A       50%         3
 Cause Fear               Hex            3%         N/A       73%         4

Inventory:

Hand Weapons
 Y - a +1 sling (weapon)
Armour
 d - a +0 leather armour (worn)
 f - a +0 helmet (worn)
 m - a +0 pair of boots (worn)
Jewellery
 h - a +6 ring of strength (left hand)
 k - a +4 ring of protection (right hand)
Scrolls
 e - a scroll of teleportation
Potions
 a - 2 potions of enlightenment {unknown}
 b - 3 potions of curing
 c - a potion of cancellation {unknown}
 g - a potion of mutation {unknown}
 i - a potion of magic {unknown}
 j - a potion of resistance {unknown}
 l - a potion of heal wounds {unknown}

Dungeon Overview and Level Annotations

Branches:
Dungeon (3/15)

Altars:
Qazlal

Annotations:
D:3 Sigmund


Message History

Sigmund is heavily wounded.
Sigmund points at you and mumbles some strange words.
The puff of flame misses you. Sigmund hits you but does no damage.
You shoot a sling bullet.
The sling bullet closely misses Sigmund.
You shoot a sling bullet. The sling bullet barely misses Sigmund.
Sigmund gestures wildly while chanting.
Sigmund flickers and vanishes!
Deactivating autopickup; reactivate with Ctrl-A.
You shoot a sling bullet.
You hear some strange, mumbled words.
You are confused.
Something hits you but does no damage.
You shoot a sling bullet. You shoot a sling bullet. Something hits you.
You shoot a sling bullet. Something hits you.
You shoot a sling bullet. Something barely misses you.
You shoot a sling bullet. Something hits you.
You shoot a sling bullet.
You feel less confused.
You shoot a sling bullet. Something hits you but does no damage.
You shoot a sling bullet.
You hear some strange, mumbled words.
You are confused.
You shoot a sling bullet.
You hear some strange, mumbled words.
A puff of flame appears from out of thin air!
The puff of flame hits you!
You shoot a sling bullet. Something hits you.
You shoot a sling bullet. Something hits you but does no damage.
You shoot a sling bullet. Something hits you!
You die...

.##.##.#...........#.#
#. #.#...........#.# .
#!#...........+.# #
#.#...........#.#
#.#...........###
#.#...........#
#.##.#########
...#####.##.###
.....{.@......#
..######.####.## #.#
#..# #.## ##.#
##.###.## ##.#.##
######...######
#.............#
#.####...####.#


There were no monsters in sight!

Vanquished Creatures
  Jessica (D:2)
  3 adders
  A worm (D:2)
  2 dart slugs
  5 ball pythons (D:1)
  5 bats (D:1)
  3 endoplasms
  3 giant cockroaches (D:1)
  2 goblins (D:2)
  3 hobgoblins
  2 jackals (D:1)
  5 kobolds
  2 quokkas
  A frilled lizard (D:1)
  6 rats
44 creatures vanquished.

Notes
Turn   | Place    | Note
-------+----------+-------------------------------------------
     0 | D:1      | qw the Gargoyle Hexslinger began the quest for the Orb.
     0 | D:1      | Reached XP level 1. HP: 12/12 MP: 2/2
     0 | D:1      | 0 ||| qw: Version: 0.3-a-52-g30416fa
     0 | D:1      | 0 ||| qw: Game counter: 5788
     0 | D:1      | 0 ||| qw: Melee chars always use a shield: true
     0 | D:1      | 0 ||| qw: God list: Okawaru
     0 | D:1      | 0 ||| qw: Allow faded altars: false
     0 | D:1      | 0 ||| qw: Do Orc after clearing Dungeon:15 true
     0 | D:1      | 0 ||| qw: Do second Lair branch before Depths: true
     0 | D:1      | 0 ||| qw: Lair rune preference: random
     0 | D:1      | 0 ||| qw: Goals: Normal
     0 | D:1      | 0 ||| PLANNING D:1-11
   127 | D:1      | You fall into a shaft and drop 1 floor!
   146 | D:2      | Reached XP level 2. HP: 16/16 MP: 3/3
   166 | D:2      | Noticed Jessica
   173 | D:2      | Killed Jessica
   174 | D:2      | Reached skill level 3 in Ranged Weapons
   174 | D:2      | Reached XP level 3. HP: 15/20 MP: 4/4
   175 | D:2      | 175 ||| FLEEEEING.
   176 | D:2      | 176 ||| FLEEEEING.
   177 | D:2      | 177 ||| FLEEEEING.
   178 | D:2      | 178 ||| STAIRDANCE
   214 | D:1      | Found a faded altar of an unknown god.
   780 | D:1      | Reached XP level 4. HP: 26/26 MP: 5/5
   807 | D:1      | 807 ||| UPGRADING to +0 leather armour.
   817 | D:1      | 817 ||| DROPPING +0 robe.
   818 | D:1      | 818 ||| UPGRADING to +0 helmet.
   823 | D:1      | 823 ||| UPGRADING to +0 pair of boots.
   828 | D:1      | 828 ||| DROPPING amulet of magic regeneration.
   829 | D:1      | 829 ||| UPGRADING to +6 ring of strength.
   830 | D:1      | 830 ||| READING scroll labelled ADENTA EVU.
   834 | D:1      | 834 ||| DROPPING scroll of poison.
   958 | D:2      | Reached skill level 4 in Ranged Weapons
  1261 | D:2      | 1261 ||| UPGRADING to +4 ring of protection.
  1262 | D:2      | 1262 ||| READING 2 scrolls labelled ITAOKHL ORCHUATIFE.
  1263 | D:2      | 1263 ||| READING scroll labelled UTENIL XUREMN.
  1264 | D:2      | 1264 ||| DRINKING 4 smoky golden potions.
  1265 | D:2      | 1265 ||| DRINKING 2 sedimented red potions.
  1284 | D:2      | 1284 ||| DROPPING scroll of revelation.
  1285 | D:2      | 1285 ||| DROPPING potion of lignification.
  1460 | D:3      | Found a stormy altar of Qazlal.
  1574 | D:3      | Noticed Sigmund
  1594 | D:3      | HP: 3/26 [something (6)]
  1596 | D:3      | Slain by Sigmund

Levels and vault maps discovered:
D:1:      enne_arrival_octagon_isle, layout_loops_ring,
          hellmonk_ecumenical_altar_leap_of_faith, kennysheep_doodads
D:2:      layout_rooms, uniq_jessica
D:3:      layout_basic, nicolae_overflow_hidden_temple,
          overflow_temple_1_default, hex_intersection, minmay_bisected,
          uniq_sigmund

Skill      XL: |  1  2  3  4 |
---------------+-------------+-----
Ranged Weapons | 3 4 |  4.5
Fighting       | 2 |  2.0
Dodging        | |  1.5
Spellcasting   | |  1.0
Hexes          | |  2.6

Action                     |  1- 3 |  4- 6 || total
---------------------------+-------+-------++-------
   Fire: Sling             |    93 |    83 ||   176
    Use: Scroll            |       |     3 ||     3
         Potion            |       |     2 ||     2
 Armour: Robe              |    19 |       ||    19
         Leather armour    |       |    16 ||    16
  Dodge: Dodged            |    38 |    17 ||    55

Table legend:
 A = Non-vault XP
 B = Vault XP
 C = Vault XP percentage of total XP
 D = Non-vault monster count
 E = Vault monster count
 F = Vault count percentage of total count
                 A         B        C        D         E       F
            +---------+---------+-------+---------+---------+-------
      Total |     111 |      37 |  25.0 |      43 |       1 |   2.3
            +---------+---------+-------+---------+---------+-------
        D:1 |      41 |       0 |   0.0 |      26 |       0 |   0.0
        D:2 |      37 |      37 |  50.0 |      12 |       1 |   7.7
        D:3 |      33 |       0 |   0.0 |       5 |       0 |   0.0
            +---------+---------+-------+---------+---------+-------
